[ AOE2 MATCH · #507604951 ]
UnrankedWu vs Celts
Player's team · WIN
Rival team · LOSS
[ REPLAY ANALYSIS · EXTRACTED FROM THE RECORDED GAME ]
Feudal
9:21
Castle
—
Imperial
—
| APM avg | 43.1 |
| APM peak | 62 |
| eAPM avg | 23.1 |
| Villagers / military | 59 / 11 |
Focus
⚔️ 41.8% · 🌾 58.2%
Militia ×8 · Archer ×3
Feudal
10:05
Castle
13:48
Imperial
—
| APM avg | 60.4 |
| APM peak | 106 |
| eAPM avg | 29.8 |
| Villagers / military | 32 / 1 |
Focus
⚔️ 46.8% · 🌾 53.2%
Knight ×1
Match map
Initial resources + every placement click. Lines = walls · curves = elevation contours. ◆ gold · ⬟ stone · ● berries · ✦ relic · ◌ wall gap
Your base· ✓ Closed at 12:00 · 0t walls · 4 gate(s)
Charles Kirkwall's base· ✓ Closed at 13:48 · 21t walls · 4 gate(s)
Smoothed initial terrain · ◌ = detected wall gap · hover for details
Inputs per minute
— Crankshaft - - Charles Kirkwall
Build order — Crankshaft
110 actions detected in the replay
| 0:01 | Queue | Villager (Male) |
| 0:02 | Build | House |
| 0:04 | Build | House |
| 0:04 | Queue | Villager (Male) |
| 0:07 | Queue | Villager (Male) |
| 0:09 | Queue | Villager (Male) |
| 0:17 | Queue | Villager (Male) |
| 0:17 | Queue | Villager (Male) |
| 0:18 | Queue | Villager (Male) |
| 0:18 | Queue | Villager (Male) |
| 0:18 | Queue | Villager (Male) |
| 0:19 | Queue | Villager (Male) |
| 0:19 | Queue | Villager (Male) |
| 0:19 | Queue | Villager (Male) |
| 0:20 | Queue | Villager (Male) |
| 0:20 | Queue | Villager (Male) |
| 0:23 | Queue | Villager (Male) |
| 0:23 | Queue | Villager (Male) |
| 1:33 | Queue | Villager (Male) |
| 1:48 | Build | Lumber Camp |
| 2:02 | Queue | Villager (Male) |
| 2:02 | Queue | Villager (Male) |
| 2:11 | Queue | Villager (Male) |
| 2:31 | Queue | Villager (Male) |
| 2:31 | Queue | Villager (Male) |
| 3:21 | Queue | Villager (Male) |
| 3:21 | Queue | Villager (Male) |
| 3:38 | Queue | Villager (Male) |
| 3:38 | Queue | Villager (Male) |
| 4:03 | Queue | Villager (Male) |
| 4:16 | Build | House |
| 4:26 | Queue | Villager (Male) |
| 4:42 | Build | Barracks |
| 4:47 | Queue | Villager (Male) |
| 4:52 | Queue | Villager (Male) |
| 4:53 | Queue | Villager (Male) |
| 5:37 | Queue | Villager (Male) |
| 5:44 | Queue | Villager (Male) |
| 5:48 | Queue | Villager (Male) |
| 6:23 | Build | Mining Camp |
| 6:37 | Research | Loom |
| 6:42 | Queue | Villager (Male) |
| 7:11 | Research | Feudal Age |
| 7:24 | Build | House |
| 7:26 | Queue | Militia |
| 7:26 | Queue | Militia |
| 7:40 | Queue | Militia |
| 7:40 | Queue | Militia |
| 8:00 | Build | Mill |
| 8:02 | Queue | Militia |
| 8:02 | Queue | Militia |
| 8:20 | Queue | Militia |
| 8:20 | Queue | Militia |
| 8:54 | Build | House |
| 9:21 | Age | Feudal Age |
| 9:22 | Queue | Villager (Male) |
| 9:23 | Research | Double-Bit Axe |
| 9:23 | Research | Double-Bit Axe |
| 9:24 | Research | Man-at-Arms (upgrade) |
| 9:24 | Research | Man-at-Arms (upgrade) |
| 9:29 | Queue | Villager (Male) |
| 9:43 | Queue | Villager (Male) |
| 9:56 | Queue | Villager (Male) |
| 10:17 | Build | Archery Range |
| 10:19 | Queue | Villager (Male) |
| 10:56 | Build | Watch Tower |
| 10:59 | Queue | Villager (Male) |
| 11:02 | Build | House |
| 11:04 | Queue | Villager (Male) |
| 11:06 | Build | Farm |
| 11:08 | Queue | Villager (Male) |
| 11:15 | Queue | Archer |
| 11:22 | Build | Watch Tower |
| 11:28 | Queue | Villager (Male) |
| 11:30 | Build | Farm |
| 11:30 | Queue | Villager (Male) |
| 11:32 | Build | Farm |
| 11:32 | Queue | Villager (Male) |
| 11:58 | Queue | Villager (Male) |
| 12:08 | Queue | Archer |
| 12:16 | Queue | Villager (Male) |
| 12:31 | Queue | Villager (Male) |
| 12:32 | Build | Farm |
| 12:32 | Build | Farm |
| 12:32 | Build | Farm |
| 12:32 | Build | Farm |
| 12:33 | Build | Farm |
| 12:33 | Build | Farm |
| 12:33 | Build | Farm |
| 12:34 | Queue | Villager (Male) |
| 12:55 | Queue | Villager (Male) |
| 12:58 | Build | Farm |
| 12:58 | Build | Farm |
| 13:10 | Build | House |
| 13:11 | Queue | Villager (Male) |
| 13:24 | Build | Watch Tower |
| 13:31 | Queue | Villager (Male) |
| 13:40 | Build | Farm |
| 13:41 | Build | Farm |
| 13:42 | Queue | Villager (Male) |
| 14:19 | Queue | Villager (Male) |
| 14:27 | Queue | Villager (Male) |
| 14:28 | Build | Farm |
| 14:29 | Queue | Villager (Male) |
| 14:30 | Queue | Archer |
| 14:43 | Queue | Villager (Male) |
| 14:59 | Build | Market |
| 15:19 | Build | House |
| 15:20 | Queue | Villager (Male) |
| 15:26 | Build | House |
Build order — Charles Kirkwall
64 actions detected in the replay
| 0:00 | Queue | Villager (Male) |
| 0:00 | Queue | Villager (Male) |
| 0:02 | Build | House |
| 0:03 | Build | House |
| 0:09 | Queue | Villager (Male) |
| 0:13 | Queue | Villager (Male) |
| 1:09 | Queue | Villager (Male) |
| 1:43 | Build | Lumber Camp |
| 1:57 | Queue | Villager (Male) |
| 2:24 | Queue | Villager (Male) |
| 2:24 | Queue | Villager (Male) |
| 3:18 | Queue | Villager (Male) |
| 3:18 | Queue | Villager (Male) |
| 3:52 | Build | House |
| 3:53 | Queue | Villager (Male) |
| 4:06 | Queue | Villager (Male) |
| 4:06 | Queue | Villager (Male) |
| 4:24 | Build | House |
| 4:31 | Queue | Villager (Male) |
| 4:31 | Queue | Villager (Male) |
| 4:31 | Queue | Villager (Male) |
| 4:47 | Queue | Villager (Male) |
| 4:47 | Queue | Villager (Male) |
| 5:05 | Build | Mill |
| 6:07 | Queue | Villager (Male) |
| 6:07 | Queue | Villager (Male) |
| 6:11 | Queue | Villager (Male) |
| 6:12 | Queue | Villager (Male) |
| 6:12 | Queue | Villager (Male) |
| 6:16 | Queue | Villager (Male) |
| 7:33 | Build | Mining Camp |
| 7:44 | Research | Feudal Age |
| 8:03 | Queue | Villager (Male) |
| 8:03 | Queue | Villager (Male) |
| 9:57 | Build | Farm |
| 10:05 | Age | Feudal Age |
| 10:07 | Build | Market |
| 10:09 | Build | Blacksmith |
| 10:21 | Build | House |
| 10:54 | Build | House |
| 11:08 | Research | Castle Age |
| 11:17 | Build | Barracks |
| 11:22 | Build | Stone Wall |
| 11:29 | Build | Watch Tower |
| 11:43 | Build | Palisade Wall |
| 11:51 | Build | Palisade Wall |
| 12:00 | Queue | Villager (Male) |
| 12:12 | Build | Palisade Wall |
| 12:33 | Build | Stone Wall |
| 12:37 | Build | Stone Wall |
| 13:24 | Build | Stone Wall |
| 13:28 | Build | Stone Wall |
| 13:48 | Age | Castle Age |
| 14:03 | Build | Gate |
| 14:13 | Build | Stone Wall |
| 14:16 | Research | Loom |
| 14:17 | Queue | Villager (Male) |
| 14:17 | Queue | Villager (Male) |
| 14:33 | Build | Stable |
| 14:41 | Build | Stone Wall |
| 14:47 | Queue | Villager (Male) |
| 14:51 | Queue | Villager (Male) |
| 15:17 | Queue | Knight |
| 15:22 | Queue | Villager (Male) |
Match timeline
| 4:42 | Crankshaft · first_building Barracks |
| 9:21 | Crankshaft · age_up feudal |
| 10:05 | Charles Kirkwall · age_up feudal |
| 10:17 | Crankshaft · first_building Archery Range |
| 11:17 | Charles Kirkwall · first_building Barracks |
| 11:22 | Charles Kirkwall · wall_segment Stone Wall x8 |
| 11:43 | Charles Kirkwall · wall_segment Palisade Wall x1 |
| 11:51 | Charles Kirkwall · wall_segment Palisade Wall x1 |
| 12:12 | Charles Kirkwall · wall_segment Palisade Wall x1 |
| 12:33 | Charles Kirkwall · wall_segment Stone Wall x6 |
| 12:37 | Charles Kirkwall · wall_segment Stone Wall x1 |
| 13:24 | Charles Kirkwall · wall_segment Stone Wall x2 |
| 13:28 | Charles Kirkwall · wall_segment Stone Wall x1 |
| 13:46 | Charles Kirkwall · first_market_sell 100 food |
| 13:47 | Charles Kirkwall · first_market_buy 100 stone |
| 13:48 | Charles Kirkwall · age_up castle |
| 14:13 | Charles Kirkwall · wall_segment Stone Wall x1 |
| 14:33 | Charles Kirkwall · first_building Stable |
| 14:41 | Charles Kirkwall · wall_segment Stone Wall x1 |
| 15:29 | Charles Kirkwall · resign |
[ AI ANALYSIS · 1 CREDIT ]
What really happened in this match?
Wolo.gg analyzes every decision: build order, eco, micro, common mistakes by bracket. Personalized analysis on WhatsApp or Discord in 30 seconds.
Civ guide
Wu
Perfil
Jugador #318082